 Dungeon Crawl Stone Soup version 0.29-a0-410-g9596d59 (webtiles) character file.

Game seed: 1934920979633663425

3246 Geeful the Fighter (level 9, -5/100 HPs)
             Began as an Ogre Delver on May 14, 2022.
             Was a Follower of Uskayaw.
             Slain by a wyvern (18 damage)
             ... on level 8 of the Dungeon.
             The game lasted 00:35:33 (9379 turns).

Geeful the Fighter (Ogre Delver)                    Turns: 9379, Time: 00:35:33

Health: -5/100     AC:  3    Str: 22    XL:     9   Next: 99%
Magic:  8/12       EV: 12    Int: 11    God:    Uskayaw [*.....]
Gold:   341        SH:  0    Dex: 16    Spells: 8/8 levels left

rFire   . . .      SeeInvis .   D - +0 giant club
rCold   . . .      Faith    .   (shield currently unavailable)
rNeg    . . .      Spirit   .   b - +0 robe
rPois   .          Reflect  .   (helmet restricted)
rElec   .          Harm     .   (no cloak)
rCorr   .          Rampage  .   (gloves unavailable)
Will    +....                   (boots unavailable)
Stlth   +++.......              (no amulet)
HPRegen 0.26/turn               n - +6 ring of dexterity
MPRegen 0.13/turn               B - ring of willpower

@: mighty
A: large, unfitting armour, tough skin 1
a: Renounce Religion, Stomp


You were on level 8 of the Dungeon.
You worshipped Uskayaw.
Uskayaw was noncommittal.
You visited 2 branches of the dungeon, and saw 9 of its levels.

You collected 365 gold pieces.
You spent 24 gold pieces at shops.

Inventory:

Hand Weapons
 a - a +0 mace
 s - a +2 whip of venom
 D - a +0 giant club (weapon)
Missiles
 h - 147 stones
 r - 4 poisoned darts
 A - 6 large rocks (quivered)
Armour
 b - a +0 robe (worn)
Jewellery
 n - a +6 ring of dexterity (left hand)
 B - a ring of willpower (right hand)
Wands
 g - a wand of digging (7)
 w - a wand of flame (22)
 z - a wand of acid (8)
Scrolls
 c - 2 scrolls of fog
 e - a scroll of immolation {unknown}
 l - 6 scrolls of teleportation {unknown}
 m - 3 scrolls of vulnerability {unknown}
 t - 3 scrolls of acquirement {unknown}
 v - a scroll of brand weapon {unknown}
 x - 2 scrolls of poison {unknown}
 y - a scroll of torment {unknown}
 C - a scroll of noise {unknown}
 E - 4 scrolls of blinking {unknown}
Potions
 d - 2 potions of attraction
 f - 3 potions of haste
 i - a potion of mutation {unknown}
 j - a potion of resistance
 k - a potion of magic {unknown}
 o - 2 potions of curing
 p - 4 potions of lignification
 q - a potion of might
 u - a potion of berserk rage {unknown}
 F - a potion of brilliance {unknown}
 G - a potion of cancellation {unknown}
 H - a potion of flight {unknown}


   Skills:
 + Level 9.5 Fighting
 + Level 6.2 Maces & Flails
 + Level 6.4 Throwing
 + Level 6.2 Dodging
 - Level 3.7 Stealth
 + Level 4.0 Invocations


You had 8 spell levels left.
You didn't know any spells.
Your spell library contained the following spells:

 Spells                   Type           Power      Damage    Failure   Level
 Beastly Appendage        Tmut           0%         N/A       34%         1
 Wereblood                Tmut           0%         N/A       47%         2
 Call Canine Familiar     Summ           0%         N/A       71%         3
 Portal Projectile        Hex/Tloc       0%         N/A       71%         3
 Spider Form              Tmut/Pois      0%         N/A       71%         3
 Leda's Liquefaction      Hex/Erth       0%         N/A       98%         4


Dungeon Overview and Level Annotations

Branches:
Dungeon (8/15)             Temple (1/1) D:4
   Lair: D:8-11

Altars:
Ashenzari
Cheibriados
Dithmenos
Fedhas
Gozag
Hepliaklqana
Kikubaaqudgha
Makhleb
Nemelex Xobeh
Okawaru
Qazlal
Ru
Sif Muna
Trog
Uskayaw
Vehumet
Wu Jian
Xom
Yredelemnul
The Shining One

Shops:
D:3 (


Innate Abilities, Weirdness & Mutations

You are too large for most types of armour.
You have tough skin. (AC +1)


Message History

The wyvern bites you!
You completely miss the wyvern. The wyvern barely misses you.
The kobold brigand hits you but does no damage.
The wyvern bites you!
You barely miss the wyvern. The wyvern bites you.
The kobold brigand hits you with a +0 whip!
The wyvern closely misses you.
You barely miss the wyvern. The kobold brigand barely misses you.
The wyvern closely misses you.
The kobold brigand hits you but does no damage.
The wyvern closely misses you.
Okay, then.
You feel very mighty all of a sudden. The wyvern completely misses you.
The kobold brigand hits you with a +0 whip!
You bludgeon the wyvern!!
The wyvern is severely wounded.
The wyvern bites you. The wyvern bites you!
* * * LOW HITPOINT WARNING * * *
The kobold brigand hits you but does no damage.
You hear a shout!
You sock the wyvern!
The wyvern is almost dead.
You hear a shout! x6
The wyvern bites you.
* * * LOW HITPOINT WARNING * * *
The kobold brigand hits you with a +0 whip.
* * * LOW HITPOINT WARNING * * *
The wyvern bites you but does no damage.
You can now pass through a line of other dancers.
Aiming: Line Pass
Press: ? - help, Dir - move target, f - kobold
Aim: a kobold, wielding a +0 club You can't stand on top of the monster!
Aiming: Line Pass
Press: ? - help, Dir - move target, p - kobold The wyvern appears confused.
You can no longer pass through a line of other dancers.
The wyvern bites you!!
You die...

#....................#.##.#...
...................#..........
......^..........<.....####...
..#####....#.#######...####...
. #....#.# ##......###
#....#.# #.####.# #....#.#
#.####.# #....#.######
#...##.# # #......@l.KK#
#.#.##.# # #..?..#####K#
#.#.##.# # #...#. # #......# #
....... ###.###### #...l..
#....... #.. ... ########
#...... #


You could see a wyvern (confused), a kobold brigand and 2 kobolds.

Vanquished Creatures
  Pikel (D:8)
  Sigmund (D:3)
  Grum (D:8)
  A sky beast (D:6)
  2 water moccasins (D:7)
  A black bear (D:6)
  3 ice beasts
  An ogre (D:5)
  3 wolves (D:8)
  A centaur (D:8)
  A phantom (D:5)
  2 lemures (D:8)
  4 necrophages
  3 scorpions
  3 killer bees (D:8)
  3 howler monkeys (D:7)
  5 hounds
  2 jellies
  3 orc priests
  2 iguanas
  A gnoll shaman (D:7)
  3 orc wizards
  5 gnolls (D:7)
  6 adders
  A white imp (D:6)
  2 ufetubi
  3 worms
  2 dart slugs
  27 orcs
  4 endoplasms
  2 giant cockroaches
  2 goblins
  9 hobgoblins
  7 jackals (D:2)
  2 quokkas
  12 ball pythons
  11 bats
  4 frilled lizards
  8 kobolds
  4 rats
158 creatures vanquished.

Notes
Turn   | Place    | Note
-------+----------+-------------------------------------------
     0 | D:5      | Geeful the Ogre Delver began the quest for the Orb.
     0 | D:5      | Reached XP level 1. HP: 24/24 MP: 1/1
    14 | D:5      | Noticed an ice beast
    34 | D:5      | Noticed a hound
    73 | D:5      | Noticed an orc wizard
   116 | D:4      | Noticed a hound
   141 | D:4      | HP: 1/24 [ball python (2)]
   481 | D:3      | Noticed Sigmund
   509 | D:3      | Found Idod's Weapon Emporium.
   531 | D:3      | Reached XP level 2. HP: 21/32 MP: 2/2
   969 | D:1      | Reached skill level 1 in Throwing
  1173 | D:1      | Reached XP level 3. HP: 40/40 MP: 3/3
  2594 | D:2      | Reached XP level 4. HP: 49/49 MP: 4/4
  2734 | D:3      | Bought 6 poisoned darts for 24 gold pieces
  2794 | D:3      | Found a faded altar of an unknown god.
  3223 | D:3      | Killed Sigmund
  3224 | D:3      | Reached skill level 5 in Fighting
  3224 | D:3      | Reached XP level 5. HP: 41/57 MP: 5/5
  3224 | D:3      | Reached XP level 6. HP: 48/66 MP: 6/6
  3997 | D:4      | Found a staircase to the Ecumenical Temple.
  4012 | D:4      | Reached skill level 6 in Fighting
  4024 | Temple   | Entered the Ecumenical Temple
  4254 | Temple   | Became a worshipper of Uskayaw the Reveller
  4569 | D:5      | Reached XP level 7. HP: 69/75 MP: 7/7
  4577 | D:5      | Reached * piety under Uskayaw
  4579 | D:5      | Reached ** piety under Uskayaw
  5403 | D:5      | Reached skill level 7 in Fighting
  5403 | D:5      | Reached XP level 8. HP: 52/87 MP: 8/8
  6714 | D:6      | Reached skill level 5 in Maces & Flails
  6739 | D:6      | Reached skill level 5 in Throwing
  6739 | D:6      | Reached skill level 5 in Dodging
  6846 | D:6      | Found a sparkling altar of Nemelex Xobeh.
  6871 | D:6      | Reached skill level 8 in Fighting
  7194 | D:7      | Reached skill level 1 in Invocations
  7367 | D:7      | Reached XP level 9. HP: 58/96 MP: 8/10
  7530 | D:7      | Found an ancient bone altar of Kikubaaqudgha.
  7546 | D:7      | Found a shadowy altar of Dithmenos.
  7549 | D:7      | Found a shimmering blue altar of Sif Muna.
  7552 | D:7      | Found an iron altar of Okawaru.
  7634 | D:7      | Reached *** piety under Uskayaw
  7638 | D:7      | Reached **** piety under Uskayaw
  8805 | D:8      | Noticed Pikel
  8808 | D:8      | Killed Pikel
  8809 | D:8      | Reached skill level 9 in Fighting
  9091 | D:8      | Noticed Grum
  9101 | D:8      | Killed Grum
  9379 | D:8      | Slain by a wyvern

Illustrated notes

Levels and vault maps discovered:
D:1:      lightli_arrival_flooded_house, layout_basic
D:2:      layout_basic
D:3:      layout_loops_ring, serial_shops, nicolae_shop_bloodbath_and_beyond,
          hellmonk_ecumenical_altar_pennies_from_heaven, uniq_sigmund
D:4:      layout_cave_pools, minmay_temple_entry_proselytizer, st_stairs_3,
          hex_tiny
D:5:      layout_basic, minmay_misc_feat_columns, kennysheep_decorative_pillar
D:6:      layout_loops_ring, mainiacjoe_overflow_brackets
D:7:      layout_basic, grunt_temple_overflow_cloverleaf
D:8:      layout_loops_cross, mainiacjoe_overflow_alcove_1,
          gammafunk_ghost_necromancy, uniq_grum, uniq_pikel
Temple:   regret_index_temple_waves

Skill      XL: |  1  2  3  4  5  6  7  8  9 |
---------------+----------------------------+-----
Maces & Flails | 2 3 4 5 6 |  6.2
Dodging        | 2 3 4 5 6 |  6.2
Throwing       | 1 2 3 4 5 6 |  6.4
Fighting       | 5 6 7 8 9 |  9.5
Invocations    | 1 4 |  4.0
Stealth        | |  3.7

Action                   |  1- 3 |  4- 6 |  7- 9 || total
-------------------------+-------+-------+-------++-------
Melee: Mace              |   166 |     8 |       ||   174
       Punch             |     3 |     1 |     1 ||     5
       Whip              |       |    72 |    66 ||   138
       Giant club        |       |       |   152 ||   152
Throw: Dart              |       |    18 |    26 ||    44
       Stone             |       |     4 |     1 ||     5
       Large rock        |       |       |    16 ||    16
Invok: Line Pass         |       |       |     1 ||     1
Evoke: Wand              |     1 |     5 |    16 ||    22
  Use: Scroll            |     4 |     2 |     1 ||     7
       Potion            |     2 |     2 |     2 ||     6
 Stab: Sleeping          |     6 |     5 |     5 ||    16
       Paralysed         |       |       |     6 ||     6
Armor: Robe              |    93 |    20 |    34 ||   147
       Skin              |       |    10 |       ||    10
Dodge: Dodged            |   135 |    31 |   148 ||   314

Table legend: (Time is in decaauts)
 A = Elapsed time spent in this place.
 B = Non-inter-level travel time spent in this place.
 C = Inter-level travel time spent in this place.
 D = Time resting spent in this place.
 E = Time spent auto-exploring this place.
 F = Levels seen in this place.
 G = Mean time per level.
                   A        B        C        D        E       F      G
               +--------+--------+--------+--------+--------+-----+--------+
         Total |   9422 |   9173 |    249 |    372 |   6896 |   9 | 1046.9 |
       Dungeon |   9170 |   8940 |    230 |    372 |   6764 |   8 | 1146.2 |
        Temple |    251 |    232 |     19 |      0 |    131 |   1 |  251.0 |
               +--------+--------+--------+--------+--------+-----+--------+

Top non-repeatable levels by time:
     D:7: 1533 daAuts
     D:5: 1503 daAuts
     D:6: 1279 daAuts
     D:3: 1180 daAuts
     D:2: 1128 daAuts
     D:1: 972 daAuts
     D:4: 846 daAuts
     D:8: 725 daAuts
  Temple: 251 daAuts
